 Dungeon Crawl Stone Soup version 0.31-a0-154-g56bf346678 (webtiles) character file.

Game seed: 2033109663107280334

105 nicknak712 the Covered (level 4, -4/60 HPs)
             Began as an Armataur Fighter on June 12, 2023.
             Slain by Sigmund
             ... wielding a +6 scythe of protection
              (10 damage)
             ... on level 3 of the Dungeon.
             The game lasted 00:10:03 (3017 turns).

nicknak712 the Covered (Armataur Fighter)           Turns: 3017, Time: 00:10:03

Health: -4/60      AC:  9    Str: 27    XL:     4   Next: 54%
Magic:  0/4        EV:  7    Int:  8    God:
Gold:   125        SH:  4    Dex:  9    Spells: 3/3 levels left

rFire   . . .        p - +0 hammer of the Orcish Mines {drain, *Rage Str+3 Stlth+}
rCold   . . .        c - +0 buckler
rNeg    . . .        b - +0 scale mail
rPois   .            (no helmet)
rElec   .            r - +0 cloak
rCorr   .            x - +0 pair of gloves
SInv    .            (no barding)
Will    .....        u - amulet of guardian spirit Stlth
                     (no ring)
HPRegen 0.30/turn    (no ring)
MPRegen 0.09/turn

%: random rage (20%), guardian spirit, roll
@: berserking, very quick
A: large, rugged brown scales 3, deformed body, armoured tail, roll, long
tongue, awkward tongue
a: no special abilities


You were on level 3 of the Dungeon.
You visited 1 branch of the dungeon, and saw 3 of its levels.

You collected 125 gold pieces.

Inventory:

Hand Weapons
 a - a +0 long sword
 l - a +0 mace
 n - a +0 spear
 p - the +0 hammer of the Orcish Mines (weapon) {drain, *Rage Str+3 Stlth+}
   (You found it on level 2 of the Dungeon)

   Str:       It affects your strength (+3).
   *Rage:     It berserks you when you make melee attacks (+20% chance).
   Stlth:     It makes you more stealthy.
 q - a +3 quarterstaff of chaos
Missiles
 v - a throwing net
Armour
 b - a +0 scale mail (worn)
 c - a +0 buckler (worn)
 r - a +0 cloak (worn)
 x - a +0 pair of gloves (worn)
Jewellery
 u - an amulet of guardian spirit (around neck)
Scrolls
 e - a scroll of fog {unknown}
 f - a scroll of noise {unknown}
 i - 4 scrolls of identify {unknown}
 m - a scroll of blinking {unknown}
 o - a scroll of enchant weapon {unknown}
 s - 4 scrolls of teleportation {unknown}
Potions
 d - a potion of might
 g - a potion of heal wounds {unknown}
 h - a potion of attraction {unknown}
 j - a potion of cancellation {unknown}
 k - 2 potions of haste {unknown}
 t - a potion of experience {unknown}
 w - a potion of invisibility {unknown}
 z - a potion of magic {unknown}


   Skills:
 + Level 3.2 Fighting
 - Level 2.4 Long Blades
 * Level 1.4 Maces & Flails
 + Level 4.3 Armour
 + Level 3.9 Shields


You had 3 spell levels left.
You didn't know any spells.
Your spell library contained the following spells:

 Spells                   Type           Power      Damage    Failure   Level
 Freeze                   Ice            0%         1d3       73%         1
 Frozen Ramparts          Ice            0%         1d1       97%         3
 Hailstorm                Conj/Ice       0%         3d3       97%         3
 Portal Projectile        Hex/Tloc       0%         N/A       97%         3
 Tukima's Dance           Hex            0%         N/A       97%         3
 Blade Hands              Tmut           0%         N/A       100%        5


Dungeon Overview and Level Annotations

Branches:
Dungeon (3/15)

Altars:

Annotations:
D:3 Sigmund


Innate Abilities, Weirdness & Mutations

You are completely covered in rugged brown scales. (AC +3, +7% HP)
Armour fits poorly on your strangely shaped body.
You have a long armoured tail.
You roll when moving toward enemies. (Rampage)
Your long tongue fully drains potion bottles. (2x potion effects)
Your tongue gives you trouble enunciating. (1.5x scroll delay)


Message History

Deactivating autopickup; reactivate with Ctrl-A.
You bump into the rock wall.
You hear some strange, mumbled words.
Something tries to affect you, but you resist.
An orc comes into view. It is wielding a +0 flail.
You barely miss something.
The orc shouts!
Something hits you!
An orc comes into view. It is wielding a +0 mace.
Something hits you! Something hits you.
An orc comes into view. It is wielding a +0 dagger.
You feel less confused.
The orc shouts!
You roll towards the orc!
You roll towards the orc!
The orc shouts!
You hit the orc.
You kill the orc!
You roll towards the orc!
You hit the orc. You drain the orc.
You kill the orc!
An orc comes into view. It is wielding a +0 club.
You closely miss the orc. The orc barely misses you.
The orc hits you but does no damage. The orc barely misses you.
You hit the orc.
Your tail-slap misses the orc.
The orc is severely wounded.
Something hits you!
* * * LOW HITPOINT WARNING * * *
The orc hits you with a +0 falchion. You block the orc's attack.
You completely miss the orc.
The orc is severely wounded.
Something hits you!
* * * LOW HITPOINT WARNING * * *
You block the orc's attack. The orc hits you but does no damage.
A red film seems to cover your vision as you go berserk!
You feel yourself moving faster!
You feel mighty!
You closely miss the orc.
The orc is severely wounded.
You block the orc's attack. The orc hits you but does no damage.
Something hits you!
You die...

######## .†......
######## # ## # ..#####
## #.# .#... .## #.#
#..o. ).# #.# #.#o# ..#
#.# #.#@# #.# #.# #o#o#
#.## #.# #.#{# ...###.#
#.#.###
....##.#######.#...#
........<..........###
....####.......".......
...## #................
#.## #.....####..####.


You could see 3 orcs.

Vanquished Creatures
  Crazy Yiuf (D:2)
  An adder (D:2)
  3 orcs (D:3)
  6 endoplasms
  6 giant cockroaches
  5 goblins
  7 hobgoblins
  5 jackals (D:2)
  A quokka (D:1)
  8 ball pythons
  5 bats
  2 frilled lizards (D:1)
  6 kobolds
  3 rats
59 creatures vanquished.

Notes
Turn   | Place    | Note
-------+----------+-------------------------------------------
     0 | D:1      | nicknak712 the Armataur Fighter began the quest for the
                  | Orb.
     0 | D:1      | Reached XP level 1. HP: 19/19 MP: 1/1
    35 | D:1      | Found a faded altar of an unknown god.
   121 | D:1      | Reached XP level 2. HP: 26/26 MP: 2/2
   762 | D:2      | Reached XP level 3. HP: 32/32 MP: 3/3
   835 | D:2      | Reached skill level 4 in Armour
   848 | D:2      | Identified the +0 hammer of the Orcish Mines {drain, *Rage
                  | Str+3 Stlth+}
   855 | D:2      | Found a runed translucent door.
   856 | D:2      | Noticed Crazy Yiuf
   862 | D:2      | Killed Crazy Yiuf
  1061 | D:2      | Reached skill level 1 in Maces & Flails
  1061 | D:2      | Reached XP level 4. HP: 40/40 MP: 4/4
  3001 | D:3      | Noticed Sigmund
  3017 | D:3      | Slain by Sigmund

Illustrated notes

Levels and vault maps discovered:
D:1:      dpeg_arrival_prison, layout_basic,
          hellmonk_ecumenical_altar_leap_of_faith,
          chequers_serial_rivers_small_a
D:2:      layout_basic, uniq_crazy_yiuf_cottage
D:3:      layout_loops_ring, nicolae_elevator_lobby_plus, uniq_sigmund

Skill      XL: |  1  2  3 |
---------------+----------+-----
Long Blades    | 2 |  2.4
Fighting       | 3 |  3.2
Armour         | 4 |  4.3
Maces & Flails | 1 |  1.4
Shields        | |  3.9

Action                     |  1- 3 |  4- 6 || total
---------------------------+-------+-------++-------
  Melee: Long sword        |    77 |       ||    77
         Tailslap          |     8 |     4 ||    12
         Mace              |    15 |    61 ||    76
 Armour: Scale mail        |    48 |    27 ||    75
  Dodge: Dodged            |    33 |    22 ||    55
  Block: Buckler           |    20 |     8 ||    28

Table legend: (Time is in decaauts)
 A = Elapsed time spent in this place.
 B = Non-inter-level travel time spent in this place.
 C = Inter-level travel time spent in this place.
 D = Time resting spent in this place.
 E = Time spent auto-exploring this place.
 F = Levels seen in this place.
 G = Mean time per level.
                   A        B        C        D        E       F      G
               +--------+--------+--------+--------+--------+-----+--------+
         Total |   3156 |   3099 |     57 |   1300 |   1377 |   3 | 1052.0 |
       Dungeon |   3156 |   3099 |     57 |   1300 |   1377 |   3 | 1052.0 |
               +--------+--------+--------+--------+--------+-----+--------+

Top non-repeatable levels by time:
     D:2: 1941 daAuts
     D:1: 705 daAuts
     D:3: 509 daAuts
